 Dungeon Crawl Stone Soup version 0.31-a0-1576-ga3383bade6 (webtiles) character file.

Game seed: 9992286019324323665

51704 Warped the Eclecticist (level 14, -2/68 HPs)
             Began as a Deep Elf Summoner on Dec 31, 2023.
             Was a High Priest of Hepliaklqana.
             Slain by a manticore (8 damage)
             ... on level 5 of the Lair of Beasts on Jan 5, 2024.
             The game lasted 01:27:36 (19639 turns).

Warped the Eclecticist (Deep Elf Summoner)         Turns: 19639, Time: 01:27:38

Health: -2/68      AC: 17    Str:  5    XL:     14   Next: 24%
Magic:  16/36      EV: 25    Int: 26    God:    Hepliaklqana [*****.]
Gold:   829        SH:  0    Dex: 15    Spells: 17/45 levels left

rFire   . . .        b - +0 dagger (venom)
rCold   . . .        (no shield)
rNeg    . . .        w - +5 steam dragon scales
rPois   .            Z - +1 hat
rElec   .            X - +0 cloak
rCorr   .            (no gloves)
SInv    .            r - +2 pair of boots
Will    +....        O - amulet of magic regeneration
Stlth   ++           B - +5 ring of evasion
HPRegen 0.31/turn    D - +5 ring of evasion
MPRegen 0.65/turn

%: no passive effects
@: inugami summoned
A: reduced essence
a: Renounce Religion, Recall Ancestor, Ancestor Identity, Transference, Idealise


You were on level 5 of the Lair of Beasts.
You worshipped Hepliaklqana.
Hepliaklqana was extremely pleased with you.
You visited 3 branches of the dungeon, and saw 17 of its levels.
You also visited: Sewer.

You collected 959 gold pieces.
You spent 130 gold pieces at shops.

Inventory:

Hand Weapons
 a - a +2 orcbow
 b - a +0 dagger of venom (weapon)
 I - a +6 club of flaming
 L - a +2 short sword of draining
 M - a +2 great sword of electrocution
 N - a +5 long sword
 R - a +0 scimitar of flaming
 S - a +0 short sword of venom
Missiles
 e - a throwing net
 m - 30 poisoned darts
 o - 156 stones
 s - 10 boomerangs
 H - 4 curare-tipped darts
Armour
 r - a +2 pair of boots (worn)
 w - +5 steam dragon scales (worn)
 K - the +0 toga "Victory" {*Victory Clar}
   (You found it on level 6 of the Dungeon)

   *Victory:  When the wearer kills a threatening monster, it has a chance to
   gain +1 AC, +1 Slay, and +1 Int, capping at +7.
   When the wearer uses a scroll or a potion with a hostile monster in sight,
   its bonuses reset to +0.
   Unequipping it also resets its bonuses to +0.
   Clar:      It protects you from confusion, rage, mesmerisation and fear.
 W - a +0 kite shield
 X - a +0 cloak (worn)
 Y - a +2 chain mail of fire resistance
 Z - a +1 hat (worn)
Jewellery
 h - a ring of willpower
 p - a ring of positive energy
 q - the ring "Qyecatil" {rF+ Dex+2}
   (You bought it in a shop on level 6 of the Dungeon)

   [ring of protection from fire]

   Dex+2:     It affects your dexterity (+2).
   rF+:       It protects you from fire.
 B - a +5 ring of evasion (left hand)
 D - a +5 ring of evasion (right hand)
 G - a ring of flight
 O - an amulet of magic regeneration (around neck)
Wands
 t - a wand of flame (79)
 x - a wand of mindburst (4)
 Q - a wand of charming (31)
Scrolls
 c - a scroll of fog
 f - 2 scrolls of teleportation
 j - a scroll of blinking
 k - 3 scrolls of fear
 y - 4 scrolls of vulnerability
 C - 2 scrolls of immolation
 F - 6 scrolls of identify
 P - a scroll of poison
Potions
 d - 2 potions of invisibility
 g - a potion of cancellation
 i - 2 potions of curing
 l - 4 potions of brilliance
 u - 6 potions of haste
 v - 2 potions of might
 z - 4 potions of magic
 A - 5 potions of lignification
 E - 2 potions of resistance
 T - 3 potions of ambrosia
 V - 3 potions of enlightenment


   Skills:
 - Level 4.0 Fighting
 - Level 2.4 Short Blades
 - Level 10.1 Ranged Weapons
 + Level 8.1 Armour
 - Level 7.0 Dodging
 - Level 2.4 Stealth
 + Level 16.1 Spellcasting
 + Level 6.0 Conjurations
 - Level 11.7 Summonings
 + Level 9.5 Translocations
 - Level 3.5 Fire Magic
 - Level 4.2 Ice Magic
 - Level 3.1 Air Magic
 + Level 5.3 Invocations
 - Level 3.2 Evocations


You had 17 spell levels left.
You knew the following spells:

 Your Spells              Type           Power      Damage    Failure   Level
b - Call Imp              Summ           100%       N/A       1%          2
c - Call Canine Familiar  Summ           69%        N/A       1%          3
d - Dispersal             Tloc           31%        N/A       8%          6
e - Manifold Assault      Tloc           63%        N/A       1%          4
f - Summon Lightning Spi  Summ/Air       56%        N/A       1%          4
g - Summon Blazeheart Go  Fire/Summ      57%        N/A       1%          4
h - Hailstorm             Conj/Ice       47%        3d10      1%          3
m - Summon Small Mammal   Summ           100%       N/A       1%          1
s - Sting                 Conj/Alch      100%       1d9       1%          1

Your spell library contained the following spells:

 Spells                   Type           Power      Damage    Failure   Level
 Apportation              Tloc           100%       N/A       1%          1
 Freeze                   Ice            100%       1d10      1%          1
 Kiss of Death            Conj/Necr      100%       2d13      1%          1
 Frozen Ramparts          Ice            86%        1d13      1%          3
 Gell's Gravitas          Tloc           63%        N/A       1%          3
 Ozocubu's Armour         Ice            43%        N/A       1%          3
 Teleport Other           Tloc           63%        N/A       1%          3
 Necrotise                Necr           80%        1d8       2%          1
 Confusing Touch          Hex            20%        N/A       8%          3
 Fugue of the Fallen      Necr           20%        N/A       8%          3
 Dispel Undead            Necr           20%        3d11      24%         4


Dungeon Overview and Level Annotations

Branches:
Dungeon (11/15)            Temple (1/1) D:7            Lair (5/5) D:10
 Shoals (0/4) Lair:2       Spider (0/4) Lair:3        Slime (0/5) Lair:4
    Orc (0/2) D:9           Sewer (visited)

Altars:
Ashenzari
Cheibriados
Dithmenos
Elyvilon
Fedhas
Gozag
Hepliaklqana
Kikubaaqudgha
Makhleb
Nemelex Xobeh
Okawaru
Qazlal
Ru
Sif Muna
Trog
Uskayaw
Vehumet
Wu Jian
Xom
Yredelemnul
Zin
The Shining One

Shops:
D:6 *   D:9 (

Annotations:
D:8 1 runed translucent door
D:9 4 runed translucent doors


Message History

The yak is lightly wounded.
The yak gores you but does no damage.
Unknown command.
You hit the yak but do no damage.
The yak looks even sicker.
The yak is lightly wounded.
The manticore seems less confused.
Your blazeheart golem punches the yak.
Your cerulean imp hits the yak from afar with a +1 spear.
Unknown command.
You hit the yak but do no damage.
The yak looks as sick as possible!
The yak is lightly wounded.
The yak closely misses you. The yak barely misses you.
Your cerulean imp hits the yak from afar with a +1 spear.
Unknown command.
You hit the yak.
The yak looks as sick as possible!
The yak is moderately wounded.
The yak barely misses you. The yak misses you.
Your blazeheart golem punches the yak!
Your cerulean imp hits the yak from afar with a +1 spear.
Unknown command.
You hit the yak.
The yak looks as sick as possible!
The yak is severely wounded.
The yak misses you. The yak gores you.
Your cerulean imp hits the yak from afar with a +1 spear.
Unknown command.
You hit the yak but do no damage.
The yak looks as sick as possible!
The yak is almost dead.
The yak closely misses you. The yak completely misses you.
Your blazeheart golem punches the yak!!
The yak dies!
Your blazeheart golem falls apart, revealing its core!
Your lightning spire shoots out a bolt of lightning at the yak!
The bolt of electricity hits the yak!
Your cerulean imp hits the yak but does no damage.
Your blazeheart core explodes!
The fiery explosion engulfs you!!
* * * LOW HITPOINT WARNING * * *
The fiery explosion engulfs the yak!!!
You kill the yak!
The manticore bites you!
You die...

#######....8........#.....†
###......8....##....†
###### ###......###..#....
##P...#### #......## #...#.
.P..8....# #PP###...##
####†# ...8..†9##
#######...## #.. 8....8.###
###§###...# ## ##†
.8.8††.Y.# ##☼☼☼..##5.#
#.##.. .....##Y.##
###5@☼#......## #.... P...#
##..###.8.H.##......# ##...
#..# ##...†Y...####....##
#... ##. ##††.###.# ###.##
#... . #...## #..# ###
##... . ##.†.# ##..# ##....
#..## #.Y. #.P.†. ..## .Y..
#..... .### .##. #.....


You could see a manticore, a yak (petrified, ally target), a friendly lightning
spire (summoned) and a friendly cerulean imp (summoned).

Vanquished Creatures
  A hydra (Lair:2)
  A two-headed ogre (D:9)
  A catoblepas (Lair:5)
  3 death yaks (Lair:5)
  A manticore (Lair:5)
  An elephant (Lair:4)
  3 black mambas
  5 cane toads
  Jeremiah (D:9)
  A kobold demonologist (D:10)
  2 rime drakes
  A komodo dragon (Lair:4)
  7 blink frogs
  3 dream sheep (Lair:4)
  A jumping spider (Lair:3)
  13 yaks
  A basilisk (Lair:3)
  A vampire mosquito (D:10)
  A water moccasin (Lair:4)
  A black bear (Lair:1)
  8 wolves
  A centaur (D:6)
  A scorpion (Lair:3)
  5 bullfrogs
  A necrophage (Sewer)
  Dowan (D:4)
  2 electric eels
  3 hounds (D:5)
  2 jellies (D:6)
  3 iguanas
  A gnoll (D:3)
  2 adders
  2 river rats (D:4)
  2 shadow imps (Sewer)
  2 ufetubi (D:6)
  3 dart slugs
  A ribbon worm (D:4)
  3 orcs
  A ball python (D:3)
  An endoplasm (D:4)
  A goblin (D:2)
  A hobgoblin (D:3)
  3 quokkas
  A frilled lizard (D:3)
  8 kobolds
  A rat (D:3)
109 creatures vanquished.

Vanquished Creatures (collateral kills)
  Gastronok (Lair:1)
  2 hydras (Lair:2)
  A catoblepas (Lair:5)
  A two-headed ogre (D:8)
  4 death yaks (Lair:5)
  Sonja (D:10)
  A pharaoh ant (Lair:3)
  An ugly thing (D:11)
  An oklob plant (Lair:2)
  A cyclops (D:11)
  5 elephants (Lair:4)
  3 black mambas
  A torpor snail (Lair:4)
  Maggie (D:7)
  7 cane toads
  7 komodo dragons
  2 rime drakes
  2 trolls (D:11)
  Grinder (Sewer)
  A polar bear (Lair:3)
  2 hornets (D:9)
  16 blink frogs
  10 dream sheep
  A shadow (D:10)
  A vampire (D:10)
  2 wyverns
  4 basilisks
  52 yaks
  Eustachio (D:4)
  3 steam dragons
  A vampire mosquito (D:10)
  3 acid dragons (D:11)
  16 water moccasins
  Duvessa (D:4)
  A nameless horror (Sewer)
  3 orc warriors
  3 ice beasts
  2 black bears
  6 centaurs
  An ogre (D:6)
  11 wolves
  3 kobold brigands
  2 gnoll sergeants
  11 bullfrogs
  A necrophage (Sewer)
  5 scorpions
  8 wights
  8 howler monkeys
  2 electric eels (D:9)
  A bombardier beetle (D:4)
  3 orc priests
  6 jellies
  A hound (D:5)
  A gnoll bouda (D:6)
  3 orc wizards
  2 sleepcaps
  Ijyb (D:3)
  4 iguanas
  16 gnolls
  7 adders
  A river rat (D:4)
  2 shadow imps (Sewer)
  A white imp (D:7)
  2 ufetubi (Sewer)
  An adder zombie (Sewer)
  2 dart slugs
  3 ribbon worms
  17 orcs
  9 ball pythons
  5 endoplasms
  2 giant cockroaches (D:1)
  4 goblins
  5 hobgoblins
  4 jackals
  15 kobolds
  3 quokkas
  4 bats
  3 frilled lizards
  A giant cockroach zombie (Sewer)
  A goblin skeleton (D:8)
  A kobold zombie (Sewer)
  5 rats
360 creatures vanquished.

Vanquished Creatures (others)
  A water moccasin (D:6)
  A wight (D:6)
  7 ancestors
  10 knights
  7 blazeheart cores
26 creatures vanquished.

Grand Total: 495 creatures vanquished

Notes
Turn   | Place    | Note
-------+----------+-------------------------------------------
     0 | D:1      | Warped the Deep Elf Summoner began the quest for the Orb.
     0 | D:1      | Reached XP level 1. HP: 10/10 MP: 6/6
   292 | D:1      | Reached XP level 2. HP: 15/15 MP: 4/8
   331 | D:1      | Found a faded altar of an unknown god.
   363 | D:1      | Learned a level 2 spell: Call Imp
   899 | D:1      | Reached skill level 4 in Spellcasting
  1135 | D:2      | Reached skill level 5 in Summonings
  1135 | D:2      | Reached XP level 3. HP: 6/19 MP: 7/10
  1750 | D:2      | Learned a level 3 spell: Call Canine Familiar
  1754 | D:2      | Learned a level 3 spell: Hailstorm
  1799 | D:3      | Found an opulent altar of Gozag.
  1995 | D:3      | Noticed Ijyb
  2012 | D:3      | Killed Ijyb
  2013 | D:3      | Reached XP level 4. HP: 2/24 MP: 6/12
  2232 | D:3      | Reached skill level 1 in Conjurations
  2232 | D:3      | Reached skill level 1 in Ice Magic
  2346 | D:3      | Reached XP level 5. HP: 19/28 MP: 11/14
  2593 | D:3      | Reached skill level 5 in Spellcasting
  2853 | D:3      | Learned a level 4 spell: Summon Blazeheart Golem
  2885 | D:4      | Found a glowing drain.
  2977 | Sewer    | Entered a sewer
  3002 | Sewer    | Reached XP level 6. HP: 31/32 MP: 11/15
  3153 | Sewer    | Found an ancient bone altar of Kikubaaqudgha.
  3243 | Sewer    | Noticed Grinder
  3246 | Sewer    | Noticed a nameless horror
  3348 | Sewer    | Killed a nameless horror
  3409 | Sewer    | Killed Grinder
  3410 | Sewer    | Reached skill level 6 in Spellcasting
  3410 | Sewer    | Reached XP level 7. HP: 32/36 MP: 13/18
  3415 | Sewer    | Learned a level 4 spell: Summon Lightning Spire
  3857 | D:4      | Noticed Eustachio
  3875 | D:4      | Killed Eustachio
  3876 | D:4      | Reached skill level 1 in Fire Magic
  3876 | D:4      | Reached skill level 1 in Air Magic
  4449 | D:4      | Noticed Duvessa
  4451 | D:4      | Noticed Dowan
  4465 | D:4      | Killed Duvessa
  4484 | D:4      | Reached XP level 8. HP: 32/41 MP: 5/20
  4491 | D:4      | Killed Dowan
  4492 | D:4      | Reached skill level 7 in Spellcasting
  4718 | D:4      | Found a sparkling altar of Nemelex Xobeh.
  4725 | D:4      | Found a bloodstained altar of Trog.
  4726 | D:4      | Found a shimmering altar of Xom.
  4873 | D:5      | Entered Level 5 of the Dungeon
  4987 | D:5      | Found a blossoming altar of Fedhas.
  5995 | D:6      | Reached skill level 8 in Spellcasting
  6026 | D:6      | Found Keoc's Assorted Antiques.
  6034 | D:6      | Bought a smoking glass ring for 130 gold pieces
  6034 | D:6      | Identified the ring "Qyecatil" {rF+ Dex+2} (You bought it
                  | in a shop on level 6 of the Dungeon)
  6081 | D:6      | Reached skill level 1 in Ranged Weapons
  6138 | D:6      | Found an iron altar of Okawaru.
  6140 | D:6      | Found a runed translucent door.
  6144 | D:6      | Found the +0 toga "Victory" {*Victory Clar}
  6513 | D:6      | Reached skill level 9 in Spellcasting
  6513 | D:6      | Reached XP level 9. HP: 36/45 MP: 14/24
  7221 | D:6      | Reached skill level 10 in Spellcasting
  7617 | D:7      | Found a staircase to the Ecumenical Temple.
  7629 | Temple   | Entered the Ecumenical Temple
  7630 | Temple   | Upgraded the game from 0.31-a0-1529-g7bd419a0e5 to
                  | 0.31-a0-1570-g93c622d222
  7653 | Temple   | Became a worshipper of Hepliaklqana the Forgotten
  7765 | D:7      | Noticed Maggie
  7825 | D:7      | Killed Maggie
  7826 | D:7      | Reached skill level 1 in Short Blades
  7826 | D:7      | Reached skill level 5 in Ranged Weapons
  8051 | D:7      | Found a glowing silver altar of Zin.
  8223 | D:8      | Noticed a two-headed ogre
  8254 | D:8      | Killed a two-headed ogre
  8255 | D:8      | Reached skill level 1 in Armour
  8255 | D:8      | Reached XP level 10. HP: 50/50 MP: 10/26
  8335 | D:8      | Found a snail-covered altar of Cheibriados.
  8352 | D:8      | Reached skill level 11 in Spellcasting
  8446 | D:8      | Identified the +2 leather armour "Puotir" {Harm Will+
                  | Str-3}
  8615 | D:8      | Found a runed translucent door.
  8616 | D:8      | Found a basalt altar of Yredelemnul.
  8686 | D:8      | Reached * piety under Hepliaklqana
  8745 | D:8      | Found a shadowy altar of Dithmenos.
  8776 | D:8      | Found a white marble altar of Elyvilon.
  9659 | D:9      | Found Fekkeng's Weapon Shop.
  9706 | D:9      | HP: 1/45 [yak (12)]
  9708 | D:9      | Reached skill level 1 in Fighting
 10065 | D:9      | Noticed Jeremiah
 10103 | D:9      | Killed Jeremiah
 10202 | D:9      | Reached skill level 10 in Summonings
 10298 | D:9      | Learned a level 6 spell: Dispersal
 10312 | D:9      | Reached skill level 12 in Spellcasting
 10312 | D:9      | Reached XP level 11. HP: 45/53 MP: 21/29
 10427 | D:9      | Found a staircase to the Orcish Mines.
 10670 | D:9      | Found a runed translucent door.
 10671 | D:9      | Found a radiant altar of Vehumet.
 10714 | D:9      | Found a runed translucent door.
 10727 | D:9      | Found a runed translucent door.
 10767 | D:9      | Noticed a two-headed ogre
 10775 | D:9      | Killed a two-headed ogre
 10776 | D:9      | Reached skill level 1 in Translocations
 10776 | D:9      | Reached skill level 1 in Evocations
 10797 | D:9      | Found a runed translucent door.
 11028 | D:9      | Reached ** piety under Hepliaklqana
 11029 | D:9      | Remembered your ancestor Otilio as a knight
 11056 | D:9      | Found a burning altar of Makhleb.
 11056 | D:9      | Noticed a blizzard demon
 11288 | D:10     | Entered Level 10 of the Dungeon
 11433 | D:10     | Noticed Sonja
 11453 | D:10     | Killed Sonja
 11600 | D:10     | Found a staircase to the Lair.
 12366 | D:11     | Found a broken altar of Ashenzari.
 12391 | D:11     | Reached *** piety under Hepliaklqana
 12608 | D:11     | Noticed a white ugly thing
 12616 | D:11     | Killed a white ugly thing
 13143 | Lair:1   | Entered Level 1 of the Lair of Beasts
 13384 | Lair:1   | Reached **** piety under Hepliaklqana
 13413 | Lair:1   | Reached skill level 13 in Spellcasting
 13658 | Lair:1   | Reached XP level 12. HP: 45/57 MP: 27/31
 13661 | Lair:1   | Found a frozen archway.
 13670 | Lair:1   | Noticed Gastronok
 13674 | Lair:1   | Reached skill level 5 in Armour
 14169 | Lair:1   | Killed Gastronok
 14170 | Lair:1   | Reached skill level 10 in Ranged Weapons
 14170 | Lair:1   | Reached skill level 5 in Translocations
 14327 | Lair:2   | Noticed a four-headed hydra
 14339 | Lair:2   | Killed a three-headed hydra
 14565 | Lair:2   | Reached skill level 14 in Spellcasting
 14738 | Lair:2   | Noticed a five-headed hydra
 14747 | Lair:2   | Killed a five-headed hydra
 15271 | Lair:2   | Noticed a four-headed hydra
 15285 | Lair:2   | Killed a two-headed hydra
 15554 | Lair:2   | Found a staircase to the Shoals.
 15657 | Lair:2   | Found a blossoming altar of Fedhas.
 16028 | Lair:3   | Reached skill level 1 in Invocations
 16170 | Lair:3   | You fall into a shaft and drop 1 floor!
 16185 | Lair:4   | Reached XP level 13. HP: 62/62 MP: 33/33
 16224 | Lair:4   | Learned a level 4 spell: Manifold Assault
 16233 | Lair:4   | Reached skill level 15 in Spellcasting
 16427 | Lair:4   | Reached skill level 5 in Dodging
 16752 | Lair:3   | Found a hole to the Spider Nest.
 17063 | Lair:3   | Reached ***** piety under Hepliaklqana
 17743 | Lair:3   | Upgraded the game from 0.31-a0-1570-g93c622d222 to
                  | 0.31-a0-1576-ga3383bade6
 18144 | Lair:4   | Found a staircase to the Slime Pits.
 18544 | Lair:5   | Entered Level 5 of the Lair of Beasts
 18582 | Lair:5   | Reached skill level 5 in Conjurations
 19012 | Lair:5   | Reached XP level 14. HP: 68/68 MP: 27/35
 19047 | Lair:5   | Identified the +4 leather armour of the Turtledove {-Tele
                  | rF+ rC+}
 19138 | Lair:5   | Learned a level 1 spell: Sting
 19442 | Lair:5   | Reached skill level 5 in Invocations
 19444 | Lair:5   | Reached skill level 16 in Spellcasting
 19639 | Lair:5   | Slain by a manticore

Illustrated notes

Levels and vault maps discovered:
D:1:      elethiomel_arrival_infinity_welcomes_careful_drivers, layout_rooms,
          nicolae_ecumenical_snake_handling
D:2:      layout_loops_cross, nicolae_wormholes
D:3:      minmay_inner_zag, layout_basic, mainiacjoe_overflow_24_doors,
          uniq_ijyb
D:4:      layout_basic, minitemple, gup_sewer_entry_bubbles, uniq_eustachio,
          uniq_duvessa
D:5:      layout_basic, lemuel_tele_altar
D:6:      layout_basic, nicolae_overflow_guarded_unrand_okawaru_victory,
          serial_shops, shop
D:7:      nicolae_cairo_tiling, layout_gridville, overflow_temple_1_default,
          minmay_temple_entry_glassed_door, uniq_maggie
D:8:      layout_loops_corners, elyvilon_altar_5, amcnicky_altar_gilded,
          nicolae_dithmenos_through_a_glass_darkly, dk_yredelemnul_ordeal
D:9:      layout_stronghold, fiery_altar_vehumet, makhleb_altar_promises_db,
          orc_0_dummy, serial_bayou, serial_bayou_pond_a, serial_bayou_pond_b,
          serial_bayou_crossing, serial_bayou_shore_a, serial_shops,
          nicolae_shop_back_alley_shop, hangedman_decor_opposing,
          minmay_statue_crystal_thing, uniq_jeremiah
D:10:     layout_roguey, lair_entry_dummy, uniq_sonja
D:11:     layout_irregular_city, nicolae_ashenzari_skybound
Temple:   hellmonk_temple_rainy
Lair:1:   layout_loops_ring, portal_ice_cave_rime, lemuel_fruit_tree,
          uniq_gastronok
Lair:2:   layout_roguey, elwin_shoals_entry_rocks, tgw_fedhas,
          grunt_megastairs_3
Lair:3:   layout_layer_cave, nicolae_spider_entry_lesser_pyramids,
          mumra_transporter_accident, infiniplex_staircase_pool,
          serial_bayou_shore_b
Lair:4:   layout_gridlike, nicolae_slime_entry_field_trip
Lair:5:   evilmike_catoblepas_cave, layout_cave_pods, lemuel_old_faithful

Skill      XL: |  1  2  3  4  5  6  7  8  9 10 11 12 13 14 |
---------------+-------------------------------------------+-----
Spellcasting   | 4 5 6 9 10 12 13 14 15 16 | 16.1
Summonings     | 5 6 7 8 9 10 11 | 11.7
Conjurations   | 1 2 3 4 5 6 |  6.0
Ice Magic      | 1 2 3 4 |  4.2
Fire Magic     | 1 2 3 |  3.5
Air Magic      | 1 2 3 |  3.1
Ranged Weapons | 2 5 7 9 10 | 10.1
Short Blades   | 2 |  2.4
Armour         | 1 3 4 6 7 8 |  8.1
Dodging        | 3 4 6 7 |  7.0
Fighting       | 2 3 4 |  4.0
Translocations | 4 7 9 |  9.5
Evocations     | 3 |  3.2
Invocations    | 1 4 5 |  5.3
Stealth        | |  2.4

Action                     |  1- 3 |  4- 6 |  7- 9 | 10-12 | 13-15 || total
---------------------------+-------+-------+-------+-------+-------++-------
  Melee: Dagger            |    16 |       |       |    29 |   347 ||   392
         Club              |       |    69 |    92 |       |       ||   161
         Punch             |       |     1 |     1 |       |     4 ||     6
         Short sword       |       |       |    36 |       |       ||    36
         Scimitar          |       |       |       |     9 |       ||     9
   Fire: Orcbow            |       |       |     5 |   262 |    49 ||   316
   Cast: Summon Small Mamm |    32 |    13 |    10 |    45 |    15 ||   115
         Call Imp          |    21 |    22 |    47 |    62 |    31 ||   183
         Call Canine Famil |     2 |    10 |    28 |    46 |    20 ||   106
         Summon Blazeheart |       |     1 |     3 |    19 |    10 ||    33
         Summon Lightning  |       |       |    10 |    40 |    28 ||    78
         Hailstorm         |       |       |       |     1 |     2 ||     3
         Manifold Assault  |       |       |       |       |    43 ||    43
         Dispersal         |       |       |       |       |     1 ||     1
 Invoke: Ancestor Life: Kn |       |       |       |     1 |       ||     1
         Ancestor Identity |       |       |       |     1 |       ||     1
         Recall Ancestor   |       |       |       |     1 |     2 ||     3
  Evoke: Wand              |       |       |     6 |     2 |     3 ||    11
    Use: Potion            |     1 |     6 |     4 |     5 |     5 ||    21
         Scroll            |       |     5 |    12 |    13 |     3 ||    33
   Stab: Distracted        |     2 |     2 |       |       |     7 ||    11
         Sleeping          |       |     5 |     3 |       |       ||     8
         Invisible         |       |       |     3 |       |       ||     3
 Armour: Robe              |    19 |    35 |    72 |       |       ||   126
         Skin              |       |    16 |       |       |       ||    16
         Steam dragon scal |       |       |       |   132 |   151 ||   283
  Dodge: Dodged            |    12 |   111 |   215 |   260 |   365 ||   963

Table legend: (Time is in decaauts)
 A = Elapsed time spent in this place.
 B = Non-inter-level travel time spent in this place.
 C = Inter-level travel time spent in this place.
 D = Time resting spent in this place.
 E = Time spent auto-exploring this place.
 F = Levels seen in this place.
 G = Mean time per level.
                   A        B        C        D        E       F      G
               +--------+--------+--------+--------+--------+-----+--------+
         Total |  19718 |  19202 |    516 |   1337 |  13378 |  18 | 1095.4 |
       Dungeon |  12580 |  12220 |    360 |    347 |   9321 |  11 | 1143.6 |
        Temple |     30 |     23 |      7 |      0 |      0 |   1 |   30.0 |
          Lair |   6474 |   6325 |    149 |    918 |   3864 |   5 | 1294.8 |
         Sewer |    632 |    632 |      0 |     72 |    192 |   1 |  632.0 |
               +--------+--------+--------+--------+--------+-----+--------+

Top non-repeatable levels by time:
  Lair:2: 1723 daAuts
     D:9: 1699 daAuts
     D:8: 1431 daAuts
     D:4: 1414 daAuts
     D:6: 1364 daAuts
  Lair:3: 1288 daAuts
  Lair:4: 1225 daAuts
  Lair:1: 1155 daAuts
     D:5: 1122 daAuts
     D:3: 1105 daAuts
  Lair:5: 1081 daAuts
     D:1: 950 daAuts
    D:10: 936 daAuts
    D:11: 919 daAuts
     D:2: 820 daAuts
